cohdb
Replays
Latest Replays
All Replays
Popular Replays
Top Player Replays
Match Explorer
How It Works
Community
CoH3 Stats
Reddit
Sign in to upload your games and track your stats! →
Sign in with Steam
Match 40677480
Unlisted
Match 40677480
Overview
Messages
Build Orders
End
Construct Barracks
Selects Heavy Weapons
Riflemen Squad
M1 Mortar Team
Riflemen Squad
Grenade Package
Riflemen Squad
Riflemen Squad
Air Support Center
Construct Weapon Support Center
Grasshopper Recon Run
P-47 Strafing Run
Selects Assault Carriers
Selects Exchangeable Parts
M3 Assault Carrier
M3 Assault Carrier
Engineer Squad
M1919 Machine Gun Team
P-47 Strafing Run
Grasshopper Recon Run
P-47 Dive Bomb
Riflemen Squad
P-47 Strafing Run
ElZocko
Dr. Tacosaurus
Nashorn101
Predator
Konrad Curze
Lelouch
0
0
Comments
sign in to comment!
No comments posted yet!